AoeStats
← Coalaviajero

Arabia

510216402Analyzed
4v4 RM · 2d ago on Sep 30, 2026· 119m 20s· 8 players
Game mode
Random Map
Map size
Large (8 player)
Population
200
Speed
Normal
Resources
Standard
Victory
Conquest
Starting age
Dark Age
Ending age
Imperial Age
RankedLock teamsTeams togetherTeam positionsShared explorationLock speedFull tech treeHidden civsTurbo modeCheats
Victory
Defeat
🇧🇷 Inca · Brazil
1000
+31
🇧🇷 Mongols · Brazil
863
+21
🇧🇷 Japanese · Brazil
855
+21
🇧🇷 Turks · Brazil
778
+42
🇦🇷 Saracens · Argentina
892
-17
🇦🇷 Varangians · Argentina
857
-15
🇨🇦 Poles · Canada
848
-15
🇦🇷 Maya · Argentina
747
-11
fedetiberio
3:17 Loom
11:45 Feudal Age
12:39 Town Watch
12:47 Double-Bit Axe
19:00 Padded Archer Armor
18:51 Fletching
21:57 Wheelbarrow
24:59 Castle Age
23:03 Gold Mining
23:30 Stone Mining
26:31 Thumb Ring
25:47 Elite Skirmisher
26:47 Leather Archer Armor
26:27 Bodkin Arrow
29:38 Horse Collar
30:10 Bow Saw
30:19 Town Patrol
31:19 Stone Shaft Mining
31:04 Hand Cart
31:39 Squires
31:25 Arson
31:03 Eagle Warrior
32:27 Hul'che Javelineers
33:09 Treadmill Crane
33:51 Ballistics
33:27 Murder Holes
35:22 Masonry
35:24 Fortified Wall
35:28 Fervor
37:02 Sanctity
37:58 Heavy Plow
40:44 Scale Mail Armor
40:55 Forging
43:26 Imperial Age
42:18 Caravan
44:41 Crop Rotation
45:17 Two-Man Saw
44:39 Guilds
45:32 Architecture
46:13 Conscription
46:29 Hoardings
45:17 Elite Plumed Archer
47:10 Bracer
47:41 Ring Archer Armor
47:26 Chain Mail Armor
47:47 Iron Casting
48:15 Chemistry
49:20 Holcans
48:15 Elite Eagle Warrior
51:59 Plate Mail Armor
52:30 Blast Furnace
78:36 Coinage
80:59 Banking
101:12 Pikeman
105:09 Halberdier
Camalote
11:04 Feudal Age
10:50 Loom
11:42 Double-Bit Axe
17:15 Horse Collar
21:56 Castle Age
21:04 Bloodlines
21:15 Gold Mining
22:48 Wheelbarrow
24:06 Scale Barding Armor
29:22 Forging
30:08 Husbandry
32:14 Chain Barding Armor
39:40 Imperial Age
39:07 Iron Casting
40:00 Heavy Camel Rider
41:46 Plate Barding Armor
46:15 Crossbowman
48:35 Fletching
51:44 Hand Cart
51:07 Arbalester
53:09 Thumb Ring
56:27 Bodkin Arrow
64:39 Bow Saw
64:36 Heavy Plow
64:41 Bracer
67:06 Chemistry
65:32 Elite Skirmisher
66:53 Light Cavalry
70:45 Squires
70:46 Capped Ram
79:26 Padded Archer Armor
79:04 Hussar
106:59 Pikeman
110:15 Gambesons
Coalaviajero
4:08 Loom
11:35 Feudal Age
12:54 Wheelbarrow
12:20 Double-Bit Axe
12:38 Horse Collar
19:33 Town Watch
26:48 Castle Age
25:21 Fletching
26:03 Gold Mining
27:39 Bodkin Arrow
28:04 Bow Saw
28:45 Padded Archer Armor
30:30 Hand Cart
30:42 Heavy Plow
32:25 Leather Archer Armor
33:45 Gambesons
34:03 Squires
36:29 Scale Barding Armor
36:35 Caravan
42:39 Imperial Age
41:54 Chain Barding Armor
41:37 Scale Mail Armor
41:33 Treadmill Crane
41:47 Guard Tower
41:27 Elite Skirmisher
43:06 Masonry
45:39 Two-Man Saw
44:59 Bloodlines
44:10 Light Cavalry
46:03 Crop Rotation
46:08 Stone Mining
47:02 Ring Archer Armor
46:53 Hussar
49:56 Chemistry
49:37 Architecture
50:14 Forging
53:12 Elite Varangian Guard
55:51 Chain Mail Armor
56:11 Iron Casting
56:01 Conscription
55:30 Capped Ram
57:10 Plate Mail Armor
58:12 Pikeman
59:58 Blast Furnace
58:59 Bracer
60:03 Blast Furnace
58:50 Halberdier
61:47 Plate Barding Armor
63:12 Gothikon
64:59 Siege Ram
70:14 Vendel Legacy
72:04 Husbandry
92:39 Arson
99:10 Heavy Scorpion
99:22 Man-at-Arms
102:18 Cranequins
Krypp
11:07 Feudal Age
14:19 Loom
29:14 Double-Bit Axe
29:16 Horse Collar
29:30 Stone Mining
29:33 Gold Mining
34:53 Castle Age
33:35 Bloodlines
35:44 Scale Barding Armor
35:50 Forging
36:14 Light Cavalry
37:01 Husbandry
37:27 Chain Barding Armor
40:40 Iron Casting
45:32 Fletching
50:40 Imperial Age
49:58 Bodkin Arrow
49:30 Elite Skirmisher
51:31 Bracer
51:09 Winged Hussar
53:26 Padded Archer Armor
64:14 Lechitic Legacy
68:28 Squires
67:48 Pikeman
mateuspmed93
8:09 Loom
11:04 Feudal Age
12:20 Double-Bit Axe
21:46 Castle Age
23:11 Wheelbarrow
25:08 Bow Saw
25:43 Gold Mining
31:34 Imperial Age
31:25 Padded Archer Armor
33:48 Two-Man Saw
38:24 Leather Archer Armor
42:15 Gold Shaft Mining
49:33 Ring Archer Armor
52:36 Husbandry
52:47 Bloodlines
53:01 Hand Cart
53:35 Scale Barding Armor
79:25 Chain Barding Armor
79:16 Forging
81:47 Plate Barding Armor
99:13 Iron Casting
Sapo Chifrudo
6:13 Loom
9:24 Feudal Age
13:56 Wheelbarrow
15:42 Fletching
17:52 Double-Bit Axe
17:49 Horse Collar
23:51 Castle Age
24:08 Gold Mining
24:31 Bodkin Arrow
24:27 Crossbowman
25:46 Bow Saw
25:59 Padded Archer Armor
31:44 Leather Archer Armor
31:40 Heavy Plow
36:24 Imperial Age
38:32 Parthian Tactics
41:38 Heavy Cavalry Archer
43:44 Bracer
48:24 Thumb Ring
48:53 Scale Barding Armor
49:01 Forging
48:30 Light Cavalry
49:21 Bloodlines
50:07 Hussar
53:28 Chain Barding Armor
53:43 Iron Casting
58:59 Blast Furnace
62:30 Conscription
62:13 Nomads
62:35 Drill
62:47 Caravan
63:13 Onager
63:16 Capped Ram
64:12 Husbandry
64:43 Elite Skirmisher
72:14 Scale Mail Armor
Bemeceusxd
8:04 Loom
10:18 Feudal Age
13:05 Double-Bit Axe
13:01 Horse Collar
13:15 Gold Mining
27:10 Castle Age
29:03 Forging
28:54 Scale Mail Armor
32:12 Wheelbarrow
32:19 Wheelbarrow
31:55 Heavy Plow
32:06 Bow Saw
31:50 Stone Mining
32:50 Andean Sling
33:05 Squires
34:14 Pikeman
39:59 Imperial Age
37:11 Elite Skirmisher
37:11 Crossbowman
43:38 Halberdier
46:49 Iron Casting
46:30 Chain Mail Armor
46:54 Hand Cart
47:10 Fabric Shields
46:31 Elite Kamayuk
46:56 Sappers
50:26 Plate Mail Armor
50:56 Blast Furnace
53:01 Padded Archer Armor
52:52 Fletching
55:43 Leather Archer Armor
55:24 Bodkin Arrow
56:19 Crop Rotation
56:25 Gold Shaft Mining
56:25 Stone Shaft Mining
58:29 Ring Archer Armor
57:59 Bracer
60:07 Arson
61:18 Arbalester
62:03 Thumb Ring
Tipe
5:29 Loom
7:34 Loom
10:58 Feudal Age
9:15 Loom
10:00 Loom
11:10 Man-at-Arms
13:42 Double-Bit Axe
13:38 Horse Collar
20:29 Wheelbarrow
27:26 Castle Age
25:56 Scale Mail Armor
26:07 Forging
26:25 Gold Mining
26:29 Stone Mining
29:07 Bow Saw
28:58 Heavy Plow
29:34 Gold Shaft Mining
29:40 Iron Casting
29:21 Chain Mail Armor
30:20 Pikeman
33:18 Hand Cart
42:08 Imperial Age
41:04 Long Swordsman
41:49 Squires
41:43 Gambesons
41:44 Arson
44:06 Blast Furnace
42:29 Two-Handed Swordsman
44:53 Fletching
45:04 Padded Archer Armor
45:35 Plate Mail Armor
44:31 Halberdier
45:59 Champion
53:14 Elite Skirmisher
53:59 Thumb Ring
59:45 Bodkin Arrow
60:07 Leather Archer Armor
59:57 Scale Barding Armor
62:46 Bracer
63:17 Ring Archer Armor
64:46 Elite Samurai
66:03 Hoardings
65:57 Ballistics
65:34 Murder Holes
99:02 Arrowslits
Connection lost

Rejoining the realm…

Still unreachable

The connection could not be restored.

Session expired

The server has moved on; the page needs a fresh start.